 Dungeon Crawl Stone Soup version 0.31.0-32-g396128a36d (webtiles) character file.

Game seed: 2210018809063537907

17 spaghetti the Apothecary (level 2, -3/22 HPs)
             Began as a Naga Alchemist on Apr 17, 2024.
             Slain by a ribbon worm (4 damage)
             ... on level 2 of the Dungeon.
             The game lasted 00:01:28 (1028 turns).

spaghetti the Apothecary (Naga Alchemist)           Turns: 1028, Time: 00:01:29

Health: -3/22      AC:  1    Str: 10    XL:     2   Next: 62%
Magic:  0/5        EV:  9    Int: 15    God:
Gold:   62         SH:  0    Dex: 11    Spells: 4/5 levels left

rFire   . . .        (no weapon)
rCold   . . .        (no shield)
rNeg    . . .        a - +0 robe
rPois   +            (no helmet)
rElec   .            (no cloak)
rCorr   .            (no gloves)
SInv    +            (no barding)
Will    .....        (no amulet)
Stlth   ++           (no ring)
HPRegen 0.23/turn    (no ring)
MPRegen 0.09/turn

%: no passive effects
@: short of breath, attractive, very slightly contaminated, very slow
A: AC +0, large, see invisible, deformed body, poison resistance, slowness 2,
spit poison 1, naga tail 1
a: Spit Poison


You were on level 2 of the Dungeon.
You visited 1 branch of the dungeon, and saw 2 of its levels.

You collected 62 gold pieces.

Inventory:

Armour
 a - a +0 robe (worn)
Potions
 b - a potion of magic
 d - a potion of brilliance {unknown}


   Skills:
 - Level 1.5 Dodging
 - Level 3.0 Stealth
 + Level 2.1 Spellcasting
 * Level 1.2 Conjurations
 + Level 4.4 Alchemy


You had 4 spell levels left.
You knew the following spells:

 Your Spells              Type           Power      Damage    Failure   Level
a - Sting                 Conj/Alch      40%        1d5       7%          1

Your spell library contained the following spells:

 Spells                   Type           Power      Damage    Failure   Level
 Mercury Vapours          Alch/Air       16%        N/A       13%         2
 Mephitic Cloud           Conj/Alch/Air  7%         N/A       30%         3
 Olgreb's Toxic Radiance  Alch           15%        N/A       34%         4
 Volatile Blastmotes      Fire/Tloc      2%         2d10      54%         3
 Fulminant Prism          Conj/Alch      5%         3d7       56%         4
 Sticky Flame             Fire/Alch      8%         2d4       65%         4
 Iskenderun's Mystic Bla  Conj/Tloc      3%         2d3       86%         4


Dungeon Overview and Level Annotations

Branches:
Dungeon (2/15)

Altars:

Shops:
D:1 *


Innate Abilities, Weirdness & Mutations

Your serpentine skin is tough. (AC +0)
You have supernaturally acute eyesight. (SInv)
Armour fits poorly on your strangely shaped body.
Your system is resistant to poisons. (rPois)
You cover ground very slowly.
You can spit poison.
You have a snake-like lower body.


Message History

The ribbon worm bites you.
You barely miss the ribbon worm.
The ribbon worm is lightly wounded.
The ribbon worm expels a string of sticky webbing.
The stream of webbing hits you but does no damage.
You are caught in a web!
The web tears apart.
The ribbon worm bites you.
You hit the ribbon worm.
The ribbon worm is moderately wounded.
The ribbon worm bites you!
Your magical contamination has completely faded away.
You hit the ribbon worm.
The ribbon worm is moderately wounded.
Unknown command.
Casting: Sting (safe; 7% risk of failure)
Confirm with . or Enter, or press ? or * to list all spells.
Aiming: Sting (safe; 7% risk of failure)
Press: ? - help, Shift-Dir - straight line, f/p - ribbon worm
Aim: a ribbon worm (moderately wounded, poisoned, 90% to hit)
You miscast Sting.
You are very lightly contaminated with residual magic.
Nothing appears to happen.
The ribbon worm looks more healthy.
The ribbon worm completely misses you.
Unknown command.
Unknown command.
Unknown command.
Aiming: Spit Poison (2% risk of failure)
Press: ? - help, Shift-Dir - straight line, f/p - ribbon worm
Aim: a ribbon worm (moderately wounded, 86% to hit)
The splash of poison hits the ribbon worm.
The ribbon worm is poisoned.
The ribbon worm is moderately wounded.
The ribbon worm bites you!
* * * LOW HITPOINT WARNING * * *
Unknown command.
Unknown command.
It was a potion of attraction.
You feel attractive to monsters. The ribbon worm bites you.
You die...

#. #..# #.####..#
#........
##.......#
.........# #
#.......###.#.##
###...#.?.......#
#.....w@.<......#
#%#####.####.##.#
#.# #.# #.# #..
..# ###


You could see a ribbon worm (poisoned).

Vanquished Creatures
  2 ball pythons (D:1)
  4 endoplasms (D:1)
  A hobgoblin (D:1)
  A kobold (D:1)
  4 frilled lizards
  2 goblins (D:1)
  3 rats (D:1)
17 creatures vanquished.

Notes
Turn   | Place    | Note
-------+----------+-------------------------------------------
     0 | D:1      | spaghetti the Naga Alchemist began the quest for the Orb.
     0 | D:1      | Reached XP level 1. HP: 15/15 MP: 3/3
   131 | D:1      | Found Saukial's Assorted Antiques.
   284 | D:1      | Reached skill level 4 in Alchemy
   300 | D:1      | Reached XP level 2. HP: 22/22 MP: 1/5
  1027 | D:2      | HP: 1/22 [ribbon worm (7)]
  1028 | D:2      | Slain by a ribbon worm

Illustrated notes

Levels and vault maps discovered:
D:1:      saegor_arrival_miasma, layout_basic, serial_shops, shop, hex_medium
D:2:      minmay_wonky_spiral, layout_loops_ring, serial_shops, shop,
          hellmonk_ecumenical_altar_leap_of_faith, minmay_increasing_density

Skill      XL: |  1 |
---------------+----+-----
Alchemy        | 4 |  4.4
Dodging        | |  1.5
Stealth        | |  3.0
Spellcasting   | |  2.1
Conjurations   | |  1.2

Action                     || total
---------------------------++-------
  Melee: Unarmed           ||    16
   Cast: Sting             ||    33
Ability: Spit Poison       ||     1
    Use: Potion            ||     1
 Armour: Robe              ||    14
  Dodge: Dodged            ||     4
